3AAA
FT. MYERS MARLINS @ PAWNEE PARKSNREC
08/17/2054
 
TOP OF THE 1ST
Ft. Myers Marlins batting - Pitching for Pawnee ParksNRec : RHP Mao-you Zhen
Pitching: RHP Mao-you Zhen
Batting: RHB Sam Collins 0-0: Called Strike
0-1: Ball
1-1: Swinging Strike
1-2: Ball
2-2: Strikes out swinging
Batting: RHB Edward Blakemore 0-0: Called Strike
0-1: Called Strike
0-2: Ball
1-2: Strikes out swinging
Batting: SHB Jorge Jáquez 0-0: Ball
1-0: Fly out, F8 (Line Drive, 8LM, EV 85.6 MPH)
Top of the 1st over - 0 runs, 0 hits, 0 errors, 0 left on base; Ft. Myers 0 - Pawnee 0
BOTTOM OF THE 1ST
Pawnee ParksNRec batting - Pitching for Ft. Myers Marlins : RHP Luke Robb
Pitching: RHP Luke Robb
Batting: RHB Banu Judham 0-0: Ball
1-0: Ball
2-0: Ball
3-0: Base on Balls
Batting: LHB Lawrence Hobbs 0-0: Called Strike
0-1: Ball
1-1: Ball
2-1: Called Strike
2-2: Ball
3-2: Fly out, F7 (Flyball, 7S, EV 80.0 MPH)
Batting: RHB Miguel Angel Criado 0-0: Reached on error, E6 (Groundball, 56, EV 83.8 MPH)
Banu Judham to second
Batting: RHB Jim Kelley 0-0: Called Strike
0-1: Foul Ball, location: 2F
0-2: Strikes out swinging
Batting: RHB Karel van Capelle 0-0: Called Strike
0-1: Foul Ball, location: 2F
0-2: Ball
1-2: Foul Ball, location: 2F
1-2: Fly out, F8 (Line Drive, 8LM, EV 95.6 MPH)
Bottom of the 1st over - 0 runs, 0 hits, 1 error, 2 left on base; Ft. Myers 0 - Pawnee 0
TOP OF THE 2ND
Ft. Myers Marlins batting - Pitching for Pawnee ParksNRec : RHP Mao-you Zhen
Batting: LHB José Silva 0-0: Swinging Strike
0-1: Called Strike
0-2: SINGLE (Line Drive, 89S, EV 98.1 MPH)
Batting: RHB Bobby Kreijling 0-0: Called Strike
0-1: Ball
1-1: Grounds into double play, 4-6-3 (Groundball, 4, EV 80.6 MPH)
Batting: RHB Rob Thomas 0-0: Ball
1-0: Called Strike
1-1: Ball
2-1: Ball
3-1: Base on Balls
Batting: RHB Roelof Bouwman 0-0: Ball
1-0: Ground out 4-3 (Groundball, 4, EV 105.0 MPH)
Top of the 2nd over - 0 runs, 1 hit, 0 errors, 1 left on base; Ft. Myers 0 - Pawnee 0
BOTTOM OF THE 2ND
Pawnee ParksNRec batting - Pitching for Ft. Myers Marlins : RHP Luke Robb
Batting: RHB José Otero 0-0: Ball
1-0: Ball
2-0: Ground out 6-3 (Groundball, 6M, EV 108.1 MPH)
Batting: LHB Miguel Flores 0-0: Called Strike
0-1: Called Strike
0-2: Foul Ball, location: 2F
0-2: Ball
1-2: Ground out U3 (Groundball, 34, EV 99.4 MPH)
Batting: LHB Alberto Valdés 0-0: Ball
1-0: Swinging Strike
1-1: Ball
2-1: Ball
3-1: Ground out 4-3 (Groundball, 4, EV 86.2 MPH)
Bottom of the 2nd over - 0 runs, 0 hits, 0 errors, 0 left on base; Ft. Myers 0 - Pawnee 0
TOP OF THE 3RD
Ft. Myers Marlins batting - Pitching for Pawnee ParksNRec : RHP Mao-you Zhen
Batting: RHB Joe Horne 0-0: Called Strike
0-1: Swinging Strike
0-2: Ball
1-2: Ball
2-2: Foul Ball, location: 2F
2-2: Strikes out swinging
Batting: LHB Keith Thomas 0-0: Ball
1-0: Called Strike
1-1: Ball
2-1: Ball
3-1: Foul Ball, location: 2F
3-2: Foul Ball, location: 2F
3-2: Strikes out looking
Batting: RHB Sam Collins 0-0: Ball
1-0: Called Strike
1-1: Ball
2-1: Ball
3-1: Base on Balls
Batting: RHB Edward Blakemore 0-0: Called Strike
0-1: Ball
1-1: Called Strike
1-2: Strikes out looking
Top of the 3rd over - 0 runs, 0 hits, 0 errors, 1 left on base; Ft. Myers 0 - Pawnee 0
BOTTOM OF THE 3RD
Pawnee ParksNRec batting - Pitching for Ft. Myers Marlins : RHP Luke Robb
Batting: RHB Jim Smith 0-0: Swinging Strike
0-1: Swinging Strike
0-2: Strikes out looking
Batting: RHB Banu Judham 0-0: Fly out, F9 (Flyball, 9, EV 93.1 MPH)
Batting: LHB Lawrence Hobbs 0-0: Swinging Strike
0-1: Ball
1-1: Swinging Strike
1-2: Strikes out swinging
Bottom of the 3rd over - 0 runs, 0 hits, 0 errors, 0 left on base; Ft. Myers 0 - Pawnee 0
TOP OF THE 4TH
Ft. Myers Marlins batting - Pitching for Pawnee ParksNRec : RHP Mao-you Zhen
Batting: SHB Jorge Jáquez 0-0: Ball
1-0: Ball
2-0: Fly out, F8 (Flyball, 8LD, EV 103.1 MPH)
Batting: LHB José Silva 0-0: Fly out, F9 (Flyball, 9D, EV 94.4 MPH)
Batting: RHB Bobby Kreijling 0-0: Called Strike
0-1: Ball
1-1: Foul Ball, location: 2F
1-2: Strikes out swinging
Top of the 4th over - 0 runs, 0 hits, 0 errors, 0 left on base; Ft. Myers 0 - Pawnee 0
BOTTOM OF THE 4TH
Pawnee ParksNRec batting - Pitching for Ft. Myers Marlins : RHP Luke Robb
Batting: RHB Miguel Angel Criado 0-0: Ground out 1-3 (Groundball, 15S, EV 65.0 MPH)
Batting: RHB Jim Kelley 0-0: Ball
1-0: Called Strike
1-1: Fly out, F8 (Flyball, 8RXD, EV 102.5 MPH)
Batting: RHB Karel van Capelle 0-0: Ball
1-0: Reached on error, E6 (Groundball, 56, EV 86.2 MPH)
Batting: RHB José Otero 0-0: Called Strike
Karel van Capelle steals 2nd base
0-1: Ball
1-1: Swinging Strike
1-2: Foul Ball, location: 2F
1-2: Foul Ball, location: 2F
1-2: Ball
2-2: Ball
3-2: Strikes out swinging
Bottom of the 4th over - 0 runs, 0 hits, 1 error, 1 left on base; Ft. Myers 0 - Pawnee 0
TOP OF THE 5TH
Ft. Myers Marlins batting - Pitching for Pawnee ParksNRec : RHP Mao-you Zhen
Batting: RHB Rob Thomas 0-0: Ball
1-0: Ball
2-0: Foul Ball, location: 2F
2-1: Called Strike
2-2: Strikes out swinging
Batting: RHB Roelof Bouwman 0-0: Ball
1-0: Ball
2-0: Ball
3-0: Called Strike
3-1: Swinging Strike
3-2: Base on Balls
Batting: RHB Joe Horne 0-0: Ball
1-0: Ball
2-0: Called Strike
2-1: Ball
3-1: Base on Balls
Roelof Bouwman to second
Batting: LHB Keith Thomas 0-0: Foul Ball, location: 2F
0-1: Foul Ball, location: 2F
0-2: Foul Ball, location: 2F
0-2: Grounds into double play, 4-6-3 (Groundball, 4, EV 82.5 MPH)
Top of the 5th over - 0 runs, 0 hits, 0 errors, 1 left on base; Ft. Myers 0 - Pawnee 0
BOTTOM OF THE 5TH
Pawnee ParksNRec batting - Pitching for Ft. Myers Marlins : RHP Luke Robb
Batting: LHB Miguel Flores 0-0: Called Strike
0-1: Ball
1-1: Foul Ball, location: 2F
1-2: Foul Ball, location: 2F
1-2: Ball
2-2: Strikes out swinging
Batting: LHB Alberto Valdés 0-0: Ball
1-0: Swinging Strike
1-1: Called Strike
1-2: Ball
2-2: Foul Ball, location: 2F
2-2: Strikes out looking
Batting: RHB Jim Smith 0-0: SINGLE (Groundball, 34D, EV 110.0 MPH)
Batting: RHB Banu Judham 0-0: Called Strike
0-1: Called Strike
0-2: Strikes out swinging, 2-3 out at first.
Bottom of the 5th over - 0 runs, 1 hit, 0 errors, 1 left on base; Ft. Myers 0 - Pawnee 0
TOP OF THE 6TH
Ft. Myers Marlins batting - Pitching for Pawnee ParksNRec : RHP Mao-you Zhen
Batting: RHB Sam Collins 0-0: Ball
1-0: Ball
2-0: Fly out, F8 (Flyball, 8RXD, EV 91.9 MPH)
Batting: RHB Edward Blakemore 0-0: Ball
1-0: Swinging Strike
1-1: Ball
2-1: Swinging Strike
2-2: SINGLE (Groundball, 6MD, EV 103.8 MPH)
Batting: SHB Jorge Jáquez 0-0: Fly out, F8 (Flyball, 8LXD, EV 104.4 MPH)
Batting: LHB José Silva 0-0: Ball
1-0: Called Strike
1-1: Fly out, F9 (Flyball, 9S, EV 86.2 MPH)
Top of the 6th over - 0 runs, 1 hit, 0 errors, 1 left on base; Ft. Myers 0 - Pawnee 0
BOTTOM OF THE 6TH
Pawnee ParksNRec batting - Pitching for Ft. Myers Marlins : RHP Luke Robb
Batting: LHB Lawrence Hobbs 0-0: Ground out 5-3 (Groundball, 56, EV 92.5 MPH)
Batting: RHB Miguel Angel Criado 0-0: Called Strike
0-1: Ball
1-1: Ground out 6-3 (Groundball, 6S, EV 83.8 MPH)
Batting: RHB Jim Kelley 0-0: Ball
1-0: Swinging Strike
1-1: Fly out, F7 (Line Drive, 78M, EV 96.9 MPH)
Bottom of the 6th over - 0 runs, 0 hits, 0 errors, 0 left on base; Ft. Myers 0 - Pawnee 0
TOP OF THE 7TH
Ft. Myers Marlins batting - Pitching for Pawnee ParksNRec : RHP Mao-you Zhen
Batting: RHB Bobby Kreijling 0-0: TRIPLE (Line Drive, 9LD, EV 110.0 MPH)
Batting: RHB Rob Thomas 0-0: Foul Ball, location: 2F
0-1: Ball
1-1: Ball
2-1: Ball
3-1: Fly out, F9 (Flyball, 9D, EV 108.1 MPH)
Runner from 3rd tags up, SCORES, no throw by RF
Batting: RHB Roelof Bouwman 0-0: Ball
1-0: Ball
2-0: Swinging Strike
2-1: Called Strike
2-2: Strikes out swinging
Batting: RHB Joe Horne 0-0: Ball
1-0: Called Strike
1-1: Swinging Strike
1-2: Strikes out swinging
Top of the 7th over - 1 run, 1 hit, 0 errors, 0 left on base; Ft. Myers 1 - Pawnee 0
BOTTOM OF THE 7TH
Pawnee ParksNRec batting - Pitching for Ft. Myers Marlins : RHP Luke Robb
Batting: RHB Karel van Capelle 0-0: Called Strike
0-1: Ground out 5-3 (Groundball, 56S, EV 86.9 MPH)
Pinch Hitting: LHB Russell Corfield 0-0: Called Strike
0-1: Ball
1-1: Swinging Strike
1-2: Strikes out swinging
Batting: LHB Miguel Flores 0-0: Ground out 5-3 (Groundball, 5S, EV 64.4 MPH)
Bottom of the 7th over - 0 runs, 0 hits, 0 errors, 0 left on base; Ft. Myers 1 - Pawnee 0
TOP OF THE 8TH
Ft. Myers Marlins batting - Pitching for Pawnee ParksNRec : RHP Mao-you Zhen
Pitching: LHP Gus Johnson
Now at 1B: Júlio Santana
Batting: LHB Keith Thomas 0-0: Ball
1-0: Ball
2-0: Called Strike
2-1: Ground out 1-3 (Groundball, 13S, EV 76.9 MPH)
Batting: RHB Sam Collins 0-0: Ball
1-0: Fly out, F7 (Flyball, 78D, EV 88.8 MPH)
Batting: RHB Edward Blakemore 0-0: Ball
1-0: Called Strike
1-1: Called Strike
1-2: Foul Ball, location: 2F
1-2: Ball
2-2: Fly out, F9 (Flyball, 9LM, EV 88.1 MPH)
Top of the 8th over - 0 runs, 0 hits, 0 errors, 0 left on base; Ft. Myers 1 - Pawnee 0
BOTTOM OF THE 8TH
Pawnee ParksNRec batting - Pitching for Ft. Myers Marlins : RHP Luke Robb
Now in LF: Keith Thomas
Now in RF: Ziad Fakhir
Batting: LHB Alberto Valdés 0-0: Foul Ball, location: 2F
0-1: Ball
1-1: Ball
2-1: Foul Ball, location: 2F
2-2: Ball
3-2: Foul Ball, location: 2F
3-2: Base on Balls
Batting: RHB Jim Smith 0-0: Ball
1-0: Ball
2-0: Sac Bunt to 3S - play at second, runner OUT! 3-6
Batting: RHB Banu Judham 0-0: DOUBLE (Line Drive, 7LS, EV 103.1 MPH)
Jim Smith to third
Batting: LHB Lawrence Hobbs 0-0: Ball
1-0: Ball
2-0: Ball
3-0: Called Strike
3-1: Base on Balls
Pitching: RHP Pie-qi Huang
Batting: RHB Miguel Angel Criado 0-0: Called Strike
0-1: Foul Ball, location: 2F
0-2: Ball
1-2: Grounds into fielders choice 6-2 (Groundball, 56S, EV 93.1 MPH)
Banu Judham to third
Lawrence Hobbs to second
Pinch Hitting: LHB Allen Edwards 0-0: Called Strike
0-1: Swinging Strike
0-2: Ball
1-2: Strikes out swinging
Bottom of the 8th over - 0 runs, 1 hit, 0 errors, 3 left on base; Ft. Myers 1 - Pawnee 0
TOP OF THE 9TH
Ft. Myers Marlins batting - Pitching for Pawnee ParksNRec : LHP Gus Johnson
Pitching: RHP Ramón Aragón
Now at 2B: José González
Batting: SHB Jorge Jáquez 0-0: Called Strike
0-1: Ball
1-1: Swinging Strike
1-2: Ball
2-2: Foul Ball, location: 2F
2-2: Fly out, F8 (Flyball, 8LS, EV 95.6 MPH)
Batting: LHB José Silva 0-0: Called Strike
0-1: Swinging Strike
0-2: Strikes out swinging
Batting: RHB Bobby Kreijling 0-0: Fly out, F9 (Flyball, 9LM, EV 100.6 MPH)
Top of the 9th over - 0 runs, 0 hits, 0 errors, 0 left on base; Ft. Myers 1 - Pawnee 0
BOTTOM OF THE 9TH
Pawnee ParksNRec batting - Pitching for Ft. Myers Marlins : RHP Pie-qi Huang
Pitching: RHP William Kelly
Batting: RHB Karel van Capelle 0-0: Ball
1-0: Ball
2-0: DOUBLE (Line Drive, 89XD, EV 110.0 MPH)
Batting: LHB Júlio Santana 0-0: Foul Ball, location: 2F
0-1: Ball
1-1: Called Strike
1-2: Ground out 3-1 (Groundball, 34S, EV 86.2 MPH)
Karel van Capelle to third
Batting: LHB Miguel Flores 0-0: Ground out 2-3 (Groundball, 15S, EV 67.5 MPH)
Batting: LHB Alberto Valdés 0-0: Foul Ball, location: 2F
0-1: Called Strike
0-2: Foul Ball, location: 2F
0-2: Ball
1-2: Ball
2-2: Strikes out swinging
Bottom of the 9th over - 0 runs, 1 hit, 0 errors, 1 left on base; Ft. Myers 1 - Pawnee 0
Monday, April 1st , 2024 - OOTP Baseball 23.10 Build 110